 Dungeon Crawl Stone Soup version 0.28.0-1-gb440e238dd (webtiles) character file.

Game seed: 13913023588730439917

2109 issech the Cudgeller (level 9, -3/76 (85) HPs)
             Began as a Troll Monk on Feb 24, 2022.
             Slain by a two-headed ogre (11 damage)
             ... on level 6 of the Dungeon.
             The game lasted 00:27:13 (6282 turns).

issech the Cudgeller (Troll Monk)                   Turns: 6282, Time: 00:27:14

HP:   -3/76 (85)    AC: 13    Str: 24    XL:     9   Next: 7%
MP:   8/8           EV: 10    Int:  6    God:
Gold: 269           SH:  0    Dex: 22    Spells: 8/8 levels left

rFire   + + .      SeeInvis +   W - +0 giant club
rCold   . . .      Faith    .   (shield currently unavailable)
rNeg    . . .      Spirit   .   e - +1 fire dragon scales of Baimem {rPois rF++ rC- Stlth+}
rPois   +          Reflect  .   (helmet restricted)
rElec   .          Harm     .   U - +0 cloak
rCorr   .          Rampage  .   (gloves unavailable)
Will    .....                   (boots unavailable)
Stlth   ++........              (no amulet)
HPRegen 1.02/turn               h - +6 ring of dexterity
MPRegen 0.11/turn               N - ring "Paitwiu" {rC+ Str+3 SInv}

@: heavily drained
A: large, unfitting armour, claws 3, regeneration 1, shaggy fur 1, tough skin 1
a: no special abilities


You were on level 6 of the Dungeon.
You visited 1 branch of the dungeon, and saw 6 of its levels.
You also visited: Ossuary.

You collected 269 gold pieces.

Inventory:

Hand Weapons
 i - a +2 short sword of draining
 o - a +4 hunting sling of flaming
 G - a +0 arbalest
 I - a +2 dagger of electrocution
 K - a +0 vorpal flail
 O - a +2 hand axe of holy wrath
 R - a +1 vorpal war axe
 S - a +0 flail of protection
 W - a +0 giant club (weapon)
Missiles
 d - 167 arrows
 f - 149 stones (quivered)
 m - 36 bolts
 t - 20 sling bullets
 x - a boomerang
 J - a silver boomerang
Armour
 e - the +1 fire dragon scales of Baimem (worn) {rPois rF++ rC- Stlth+}
   (You acquired it on level 2 of the Dungeon)

   rF:        It greatly protects you from fire.
   rC:        It makes you vulnerable to cold.
   rPois:     It protects you from poison.
   Stlth:     It makes you more stealthy.
 q - the +1 robe of Theory {*Corrode rN+ Str+4 Dex+2}
   (You found it on level 3 of the Dungeon)

   Str:       It affects your strength (+4).
   Dex:       It affects your dexterity (+2).
   rN:        It protects you from negative energy.
   *Corrode:  It may corrode you when you take damage.
 v - a +1 robe of cold resistance
 U - a +0 cloak (worn)
 V - +2 acid dragon scales
Magical Staves
 s - a staff of air
Jewellery
 a - a +6 ring of intelligence
 h - a +6 ring of dexterity (left claw)
 H - a +6 ring of strength
 N - the ring "Paitwiu" (right claw) {rC+ Str+3 SInv}
   (You acquired it on level 6 of the Dungeon)

   [ring of protection from cold]

   Str:       It affects your strength (+3).
   rC:        It protects you from cold.
   SInv:      It lets you see invisible.
Wands
 M - a wand of polymorph (5)
 P - a wand of digging (6)
Scrolls
 c - 3 scrolls of fear
 k - 2 scrolls of teleportation
 l - a scroll of magic mapping {unknown}
 n - a scroll of immolation {unknown}
 p - a scroll of fog {unknown}
 r - 2 scrolls of enchant weapon {unknown}
 u - 2 scrolls of enchant armour {unknown}
 y - 5 scrolls of noise
 B - 2 scrolls of vulnerability
 C - 3 scrolls of amnesia
 L - 2 scrolls of blinking
Potions
 g - 2 potions of mutation {unknown}
 j - 2 potions of lignification {unknown}
 w - 2 potions of attraction {unknown}
 z - 2 potions of ambrosia {unknown}
 A - 2 potions of heal wounds {unknown}
 D - a potion of flight {unknown}
 E - a potion of brilliance {unknown}
 F - a potion of might {unknown}
 T - a potion of curing {unknown}
Miscellaneous
 Q - a box of beasts


   Skills:
 + Level 4.5 Fighting
 + Level 7.8 Maces & Flails
 + Level 4.7 Armour
 + Level 4.2 Dodging
 + Level 1.8 Stealth


You had 8 spell levels left.
You didn't know any spells.
Your spell library contained the following spells:

 Spells                   Type           Power      Damage    Failure   Level
 Freeze                   Ice            0%         1d3       80%         1
 Corpse Rot               Necr/Air       0%         N/A       91%         2
 Static Discharge         Conj/Air       0%         N/A       91%         2
 Conjure Flame            Conj/Fire      0%         6-21      99%         3
 Frozen Ramparts          Ice            0%         1d2       99%         3
 Ignite Poison            Fire/Tmut/Pois 0%         N/A       99%         3
 Tukima's Dance           Hex            0%         N/A       99%         3
 Anguish                  Hex/Necr       0%         N/A       100%        4
 Dispel Undead            Necr           0%         3d6       100%        4
 Hailstorm                Conj/Ice       0%         3d3       100%        4
 Sticky Flame             Conj/Fire      0%         2d3       100%        4
 Lightning Bolt           Conj/Air       0%         1d11      100%        5
 Death Channel            Necr           0%         N/A       100%        6
 Enfeeble                 Hex            0%         N/A       100%        7
 Maxwell's Capacitive Co  Air            0%         ∞         100%        8


Dungeon Overview and Level Annotations

Branches:
Dungeon (6/15)            Ossuary (visited)
 Temple: D:4-7

Altars:
Elyvilon

Shops:
D:1 [

Annotations:
D:6 Snicker's ghost, weakling DsDe


Innate Abilities, Weirdness & Mutations

You are too large for most types of armour.
You have claws for hands.
Your natural rate of healing is unusually fast.
You are covered in fur. (AC +1)
You have tough skin. (AC +1)


Message History

You sock the ogre!
You kill the ogre!
Things that are here:
a +0 giant club; a +0 giant club; an ogre corpse
Things that are here:
a +0 giant club; a +0 giant club; an ogre corpse
Things that are here:
a +0 giant club; a +0 giant club; an ogre corpse
W - a +0 giant club You drop a +0 robe.
W - a +0 giant club (weapon)
Snicker's ghost says very slowly, "There's no hope."
There is a transporter here.
You enter the transporter and appear at another place.
Snicker's ghost screams, "Don't try to defend!
You have no chance!"
There is a transporter, spattered with blood here.
Throw: 150 stones
Press: ? - help, Q - select action, (/) - cycle Shift-Dir - straight line, f - two-headed ogre
Aim: a two-headed ogre, wielding the +7 great mace "Vaaq" {drain, rCorr} and a +3 dire flail (78% to hit)
You throw a stone.
The stone hits the two-headed ogre but does no damage.
You sock the two-headed ogre!
The two-headed ogre is lightly wounded.
The two-headed ogre barely misses you.
The two-headed ogre hits you with a +3 dire flail.
You enter the transporter and appear at another place.
The two-headed ogre hits you with the +7 great mace "Vaaq" {drain, rCorr}!!
You feel drained. The two-headed ogre closely misses you.
You bludgeon the two-headed ogre!!
The two-headed ogre is heavily wounded.
The two-headed ogre hits you with the +7 great mace "Vaaq" {drain, rCorr}!
You feel drained. The two-headed ogre barely misses you.
You bludgeon the two-headed ogre!!
The two-headed ogre is severely wounded.
The two-headed ogre hits you with the +7 great mace "Vaaq" {drain, rCorr}!!
* * * LOW HITPOINT WARNING * * *
You feel drained.
* * * LOW HITPOINT WARNING * * *
The two-headed ogre hits you with a +3 dire flail!
You die...

##..........................## #
#......##........########...# #
....#########....#.....©#..##
...## ###..#..##..#..# ...#
#..#.#..#(#..# ...# ###
##..#.#..#.#.## ...######.##
#..©#(.##..###
...........###..O#[....©#
#...............@#).##..#
.................#.#..#.#
.................#.#..#.#
.................#..##.)# #
....>............#......#########
.................########........
.....................###.........
..........................##.....
.........................####...#


You could see a two-headed ogre.

Vanquished Creatures
  Maggie (D:6)
  Grinder (D:6)
  A yak (D:5)
  Menkaure (Ossuary)
  Edmund (D:6)
  2 ice beasts (D:6)
  A centaur (D:6)
  2 ogres (D:6)
  3 scorpions
  A water moccasin zombie (D:6)
  A howler monkey (D:5)
  A centaur zombie (D:5)
  A hound (D:6)
  2 jellies
  An orc priest (D:5)
  3 orc wizards
  A hound skeleton (D:4)
  3 mummies (Ossuary)
  4 gnolls (D:5)
  9 adders
  4 worms
  3 dart slugs
  25 orcs
  10 endoplasms
  4 giant cockroaches
  4 gnoll zombies (Ossuary)
  12 goblins
  3 hobgoblins
  8 jackals
  4 kobolds
  6 quokkas
  16 ball pythons
  5 bats
  A frilled lizard (D:1)
  6 gnoll skeletons (Ossuary)
  5 goblin skeletons (Ossuary)
  4 goblin zombies (Ossuary)
  2 hobgoblin skeletons (Ossuary)
  3 hobgoblin zombies (Ossuary)
  3 kobold skeletons (Ossuary)
  4 kobold zombies (Ossuary)
  4 orc skeletons (Ossuary)
  7 orc zombies (Ossuary)
  4 rats
  5 rat skeletons (Ossuary)
  3 rat zombies (Ossuary)
195 creatures vanquished.

Vanquished Creatures (others)
  An orc wizard (D:5)
1 creature vanquished.

Grand Total: 196 creatures vanquished

Notes
Turn   | Place    | Note
-------+----------+-------------------------------------------
     0 | D:1      | issech the Troll Monk began the quest for the Orb.
     0 | D:1      | Reached XP level 1. HP: 22/22 MP: 0/0
    50 | D:1      | Found Xaloogur's Armour Emporium.
    82 | D:1      | Found a faded altar of an unknown god.
   156 | D:1      | Reached XP level 2. HP: 29/29 MP: 1/1
   396 | D:1      | Reached skill level 3 in Maces & Flails
   507 | D:1      | Reached XP level 3. HP: 36/36 MP: 2/2
   842 | D:2      | Identified a scroll of acquirement
   843 | D:2      | Acquired the +1 fire dragon scales of Baimem {rPois rF++
                  | rC- Stlth+}
  1307 | D:2      | Reached XP level 4. HP: 44/44 MP: 3/3
  1942 | D:3      | Reached skill level 4 in Maces & Flails
  1951 | D:3      | Identified the +1 robe of Theory {*Corrode rN+ Str+4 Dex+2}
  2172 | D:3      | Found a white marble altar of Elyvilon.
  2358 | D:4      | Noticed a scorpion
  2360 | D:4      | Noticed a scorpion
  2377 | D:4      | Reached XP level 5. HP: 46/52 MP: 4/4
  2489 | D:4      | Reached skill level 1 in Armour
  2608 | D:4      | Found a sand-covered staircase.
  2618 | Ossuary  | Entered an ossuary
  2684 | Ossuary  | Reached XP level 6. HP: 61/61 MP: 5/5
  3045 | Ossuary  | Noticed Menkaure
  3129 | Ossuary  | Killed Menkaure
  3130 | Ossuary  | Reached skill level 5 in Maces & Flails
  3410 | D:4      | You fall into a shaft and drop 2 floors!
  3411 | D:6      | Noticed an ice beast
  3442 | D:6      | Found a transporter.
  3442 | D:6      | Noticed Snicker's ghost (weakling DsDe)
  3478 | D:6      | Reached XP level 7. HP: 45/67 MP: 6/6
  3521 | D:6      | Reached skill level 6 in Maces & Flails
  3672 | D:6      | Identified the +7 great mace "Vaaq" {drain, rCorr}
  3672 | D:6      | Noticed a two-headed ogre
  3680 | D:6      | Found a transporter.
  3709 | D:5      | Entered Level 5 of the Dungeon
  4418 | D:5      | Noticed a yak
  4497 | D:5      | Killed a yak
  4498 | D:5      | Reached XP level 8. HP: 63/78 MP: 7/7
  5154 | D:6      | Noticed Edmund
  5187 | D:6      | Killed Edmund
  5334 | D:6      | Reached skill level 7 in Maces & Flails
  5532 | D:6      | Noticed Grinder
  5540 | D:6      | Killed Grinder
  5807 | D:6      | Noticed Maggie
  5974 | D:6      | Acquired the ring "Paitwiu" {rC+ Str+3 SInv}
  6094 | D:6      | Killed Maggie
  6219 | D:6      | Reached XP level 9. HP: 75/85 MP: 8/8
  6282 | D:6      | Slain by a two-headed ogre

Illustrated notes

Levels and vault maps discovered:
D:1:      dpeg_arrival_line_fractal, layout_rooms, serial_shops,
          nicolae_shop_crystal, ebering_ecumenical_altar_sacrificial,
          minmay_heptomino_h4
D:2:      minmay_chambers_of_ones, layout_loops_ring
D:3:      layout_basic, elyvilon_altar_5
D:4:      layout_cave_pools, nicolae_ossuary_entry_ruins
D:5:      layout_cave_pods, minmay_checkerbox
D:6:      layout_layer_cave, gammafunk_ghost_smash, uniq_grinder, uniq_maggie,
          uniq_menkaure, uniq_edmund

Skill      XL: |  1  2  3  4  5  6  7  8 |
---------------+-------------------------+-----
Maces & Flails | 3 4 5 6 7 |  7.8
Dodging        | 3 4 |  4.2
Fighting       | 3 4 |  4.5
Armour         | 1 3 4 |  4.7
Stealth        | |  1.8

Action                   |  1- 3 |  4- 6 |  7- 9 || total
-------------------------+-------+-------+-------++-------
Melee: Mace              |   124 |   348 |       ||   472
       Punch             |     1 |     6 |     3 ||    10
       Flail             |       |    15 |   221 ||   236
       Giant club        |       |       |     3 ||     3
Throw: Stone             |       |       |     1 ||     1
  Use: Scroll            |     3 |     5 |     3 ||    11
 Stab: Sleeping          |     2 |     2 |     1 ||     5
Armor: Robe              |    73 |       |     5 ||    78
       Fire dragon scale |    17 |   245 |   117 ||   379
       Skin              |       |       |     2 ||     2
Dodge: Dodged            |   108 |   227 |   122 ||   457
